 Dungeon Crawl Stone Soup version 0.30.1-3-gfc49f6343a (webtiles) character file.

Game seed: 10703752924750220265

3 spardeous the Conjurer (level 1, -1/14 HPs)
             Began as a Demigod Conjurer on Aug 3, 2023.
             Slain by a jackal (3 damage)
             ... on level 1 of the Dungeon.
             The game lasted 00:00:22 (99 turns).

spardeous the Conjurer (Demigod Conjurer)             Turns: 99, Time: 00:00:22

Health: -1/14      AC:  2    Str:  8    XL:     1   Next: 33%
Magic:  2/5        EV: 12    Int: 20    God:
Gold:   12         SH:  0    Dex: 12    Spells: 2/3 levels left

rFire   . . .        (no weapon)
rCold   . . .        (no shield)
rNeg    . . .        a - +0 robe
rPois   .            (no helmet)
rElec   .            (no cloak)
rCorr   .            (no gloves)
SInv    .            (no boots)
Will    .....        (no amulet)
Stlth   ++           (no ring)
HPRegen 0.22/turn    (no ring)
MPRegen 0.09/turn

%: no passive effects
@: no status effects
A: high MP 1, forlorn, divine attributes
a: no special abilities


You were on level 1 of the Dungeon.
You visited 1 branch of the dungeon, and saw 1 of its levels.

You collected 12 gold pieces.

Inventory:

Armour
 a - a +0 robe (worn)
Scrolls
 c - a scroll of vulnerability {unknown}
 d - a scroll of identify {unknown}
Potions
 b - a potion of magic


   Skills:
 - Level 1.7 Dodging
 - Level 1.7 Stealth
 - Level 1.7 Spellcasting
 + Level 3.8 Conjurations


You had 2 spell levels left.
You knew the following spells:

 Your Spells              Type           Power      Damage    Failure   Level
a - Magic Dart            Conj           68%        1d6       3%          1

Your spell library contained the following spells:

 Spells                   Type           Power      Damage    Failure   Level
 Searing Ray              Conj           34%        2d5       4%          2
 Dazzling Flash           Conj/Hex       18%        N/A       22%         3
 Fulminant Prism          Conj/Hex       4%         3d5       58%         4
 Iskenderun's Mystic Bla  Conj/Tloc      9%         2d4       58%         4


Dungeon Overview and Level Annotations

Branches:
Dungeon (1/15)


Innate Abilities, Weirdness & Mutations

You have an increased reservoir of magic. (+10% MP)
You shall have no god before yourself.
Your divine heritage dramatically boosts your attributes as you level up.


Message History

You are too injured to fight recklessly!
The jackal misses you.
A bat comes into view.
The jackal closely misses you. The jackal attacks as you move away!
The jackal bites you.
* * * LOW HITPOINT WARNING * * *
You take 1 damage, and have 6/14 hp. 2 frilled lizards come into view.
Found a club.
Found a stone staircase leading down.
The jackal misses you. The jackal attacks as you move away!
The jackal bites you.
* * * LOW HITPOINT WARNING * * *
The frilled lizard hisses angrily.
The bat hits you.
* * * LOW HITPOINT WARNING * * *
You take 4 damage, and have 2/14 hp.
MASSIVE DAMAGE!!
The bat barely misses you. The bat attacks as you move away!
The bat misses you. x2
Found 16 gold pieces.
The jackal attacks as you move away! The jackal bites you.
* * * LOW HITPOINT WARNING * * *
A hobgoblin comes into view.
You take 1 damage, and have 3/14 hp.
A quokka comes into view.
Found 19 gold pieces.
The jackal bites you but does no damage.
The jackal attacks as you move away! The jackal closely misses you.
The hobgoblin shouts!
The bat closely misses you. The jackal bites you.
* * * LOW HITPOINT WARNING * * *
You take 1 damage, and have 3/14 hp.
The bat attacks as you move away! The bat hits you but does no damage.
The jackal attacks as you move away! The jackal closely misses you.
The bat hits you but does no damage. The bat barely misses you.
The jackal closely misses you. The quokka attacks as you move away!
The quokka bites you.
* * * LOW HITPOINT WARNING * * *
The bat misses you.
You take 1 damage, and have 2/14 hp.
The jackal attacks as you move away! The jackal bites you.
You die...

#..#h...##.......##
#..).#........##..#
....#.......#..###.#
...........###...#..#
h###.###............#
#. ..###..#.....## #.
#####.##........##
##.#
#.....#..........#
#...#
#.....@!###..#####
.....# ##....hb.# ##h#
......##..h...r.####.#
.......#.$l.....##...#
.......hg.......##.###
#..###.#...$...##h#
#.##########h#
#...bl.# #.#
#.....####l#####.#


You could see a quokka, 3 jackals, a hobgoblin, a bat and a frilled lizard.

Vanquished Creatures
  A bat (D:1)
  A jackal (D:1)
  A kobold (D:1)
3 creatures vanquished.

Notes
Turn   | Place    | Note
-------+----------+-------------------------------------------
     0 | D:1      | spardeous the Demigod Conjurer began the quest for the Orb.
     0 | D:1      | Reached XP level 1. HP: 14/14 MP: 5/5
    99 | D:1      | Slain by a jackal

Illustrated notes

Levels and vault maps discovered:
D:1:      dpeg_arrival_more_subterranean_lakeside_camping, layout_loops_cross

Action                     || total
---------------------------++-------
   Cast: Magic Dart        ||     9
 Armour: Robe              ||     6
  Dodge: Dodged            ||    22
